 Dungeon Crawl Stone Soup version 0.25.0-3-gd7cc5688da (console) character file.

Game seed: 14463667586891377955

1964 Kagalorn the Grappler (level 9, 3/75 HPs)
             Began as a Centaur Transmuter on June 15, 2020.
             Was a Follower of Ashenzari.
             Quit the game on level 7 of the Dungeon.
             The game lasted 00:17:09 (8820 turns).

Kagalorn the Grappler (Centaur Transmuter)          Turns: 8820, Time: 00:17:09

Health: 3/75       AC:  6    Str: 14    XL:     9   Next: 0%
Magic:  11/11      EV:  8    Int: 21    God:    Ashenzari [*.....]
Gold:   312        SH:  4    Dex:  9    Spells: 11/11 levels left

rFire    + + .     SeeInvis .     - Unarmed
rCold    . . .     Gourm    .   y - +0 buckler
rNeg     . . .     Faith    .   g - +1 ring mail {rF+} (curse)
rPois    .         Spirit   .   (no helmet)
rElec    .         Reflect  .   (no cloak)
rCorr    .         Harm     .   (no gloves)
MR       .....                  (no barding)
Stlth    ..........             (no amulet)
HPRegen  0.22/turn              j - +6 ring of intelligence
MPRegen  0.12/turn              q - ring of protection from fire

@: very quick
A: large, hooves 3, deformed body, speed 2, tough skin 3
a: Curse Item, Scrying, Renounce Religion


You were on level 7 of the Dungeon.
You worshipped Ashenzari.
Ashenzari was aware of your devotion.
You were not hungry.

You visited 1 branch of the dungeon, and saw 7 of its levels.

You collected 312 gold pieces.

Inventory:

Hand Weapons
 a - the +4 spear of Kias {vamp, rElec Str-3 Int+3}
   (You took it off an orc on level 4 of the Dungeon)

   It inflicts no extra harm, but heals its wielder when it wounds a living foe.
   It affects your strength (-3).
   It affects your intelligence (+3).
   It insulates you from electricity.
 b - a +1 shortbow
Missiles
 B - 256 arrows
Armour
 g - a cursed +1 ring mail of fire resistance (worn)
 y - a +0 buckler (worn)
Magical Staves
 E - an uncursed staff of fire
Jewellery
 h - an uncursed ring of ice
 j - a +6 ring of intelligence (left hand)
 q - a ring of protection from fire (right hand)
 u - an uncursed ring of resist corrosion
 G - an uncursed ring of poison resistance
 L - an uncursed ring of wizardry
Wands
 F - a wand of acid (7)
 K - a wand of paralysis (10)
Scrolls
 c - 3 scrolls of enchant weapon
 e - a scroll of amnesia
 i - a scroll of noise {unknown}
 l - a scroll of teleportation {unknown}
 p - a scroll of immolation {unknown}
 t - 2 scrolls of blinking
 w - 2 scrolls of magic mapping
 x - a scroll of fog
 z - a scroll of random uselessness {unknown}
 A - 4 scrolls of remove curse
 C - 2 scrolls of enchant armour {unknown}
Potions
 f - 2 potions of heal wounds {unknown}
 k - 4 potions of lignification
 m - a potion of flight {unknown}
 n - a potion of invisibility
 o - a potion of cancellation
 r - 2 potions of mutation
 s - 6 potions of might
 v - 2 potions of curing
 D - 4 potions of resistance
 H - a potion of stabbing {unknown}
 I - a potion of brilliance {unknown}
Comestibles
 d - 10 rations
 J - 2 chunks of flesh


   Skills:
 + Level 6.0 Fighting
 - Level 1.3 Dodging
 - Level 2.4 Shields
 - Level 8.0 Unarmed Combat
 - Level 1.5 Spellcasting
   Level 5.5 Transmutations


You had 11 spell levels left.
You didn't know any spells.
Your spell library contained the following spells:

 Spells                   Type           Power        Failure   Level  Hunger
 Beastly Appendage        Tmut           ####..       3%          1    #......
 Sticks to Snakes         Tmut           ####....     4%          2    ###....
 Spider Form              Tmut/Pois      ##........   30%         3    ###....
 Animate Skeleton         Necr           N/A          32%         1    #......
 Pain                     Necr           #...         32%         1    #......
 Blade Hands              Tmut           ####......   65%         5    ######.
 Confusing Touch          Hex            #.......     67%         3    ###....
 Gell's Gravitas          Tloc           #.........   67%         3    ###....
 Vampiric Draining        Necr           #.........   67%         3    ###....
 Ice Form                 Ice/Tmut       ##......     69%         4    #####..
 Petrify                  Tmut/Erth      ##......     69%         4    #####..
 Yara's Violent Unravell  Hex/Tmut       ##........   95%         5    ######.
 Animate Dead             Necr           N/A          97%         4    #####..
 Agony                    Necr           #.......     100%        5    ######.
 Metabolic Englaciation   Hex/Ice        #.........   100%        5    ######.


Dungeon Overview and Level Annotations

Branches:
Dungeon (7/15)             Temple (0/1) D:7

Altars:
Ashenzari
Elyvilon
Fedhas
Wu Jian
Xom
Zin
The Shining One

Annotations:
D:4 exclusion: phantom
D:7 2 runed translucent doors


Innate Abilities, Weirdness & Mutations

You have hooves in place of feet.
Armour fits poorly on your strangely shaped body.
You cover ground very quickly.
You have extremely tough skin. (AC +3)


Message History

a +0 long sword; a +0 chain mail The orc hits you with a +0 trident.
* * * LOW HITPOINT WARNING * * *
Things that are here:
a +0 dagger; a +0 robe; an orc corpse You hit the orc.
The orc is lightly wounded.
You hit the orc.
You kill the orc!
Items here: )) [[ †† Butcher an orc corpse? [(y)es/(n)o/(a)ll/(q)uit/?]
You butcher the orc corpse. x2
J - 3 chunks of flesh;
J - 4 chunks of flesh (gained 1)
Items here: )) [[ ÷÷ Eat one of 4 chunks of flesh? (ye/n/q)
You eat one of the 4 chunks of flesh.
This raw flesh tastes terrible.
You are feeling hungry.
Eat one of 3 chunks of flesh? (ye/n/q)
You eat one of the 3 chunks of flesh.
This raw flesh tastes terrible.
Are you sure you want to abandon this character and quit the game? (Confirm with "yes".)

#######.. ..<.....#
......... ........# ..
...>....##.. ........'
.# # #......##.#.###
#...).@##'#....
#######)....## #)..../#
#......#
#######.#.##+####
#.......#.......#######
#......................
#........#.............
#####....#......#....##


There were no monsters in sight!

Vanquished Creatures
  A hornet zombie (D:7)
  2 orc warriors (D:7)
  An ice beast (D:6)
  3 centaurs
  4 ogres
  2 phantoms (D:6)
  2 bullfrogs
  A water moccasin zombie (D:5)
  A howler monkey (D:4)
  A bullfrog zombie (D:7)
  A hound (D:6)
  2 orc priests (D:4)
  3 orc wizards (D:7)
  3 worker ants
  3 iguanas
  9 adders
  5 shadow imps
  2 oozes (D:2)
  An adder skeleton (D:4)
  5 worms
  2 dart slugs
  5 leopard geckos
  8 orcs
  2 ball pythons
  9 giant cockroaches
  9 goblins
  8 hobgoblins
  18 jackals
  3 quokkas
  7 bats
  5 frilled lizards
  9 kobolds
  A leopard gecko skeleton (D:7)
  9 rats
147 creatures vanquished.

Notes
Turn   | Place    | Note
-------+----------+-------------------------------------------
     0 | D:1      | Kagalorn the Centaur Transmuter began the quest for the
                  | Orb.
     0 | D:1      | Reached XP level 1. HP: 16/16 MP: 3/3
   227 | D:1      | Reached XP level 2. HP: 23/23 MP: 2/4
   969 | D:2      | Reached XP level 3. HP: 22/28 MP: 3/5
  1191 | D:2      | Found a shimmering altar of Xom.
  1192 | D:2      | Found a shimmering altar of Xom.
  1193 | D:2      | Found a shimmering altar of Xom.
  1193 | D:2      | Found a shimmering altar of Xom.
  1478 | D:2      | Reached skill level 4 in Unarmed Combat
  1629 | D:2      | Found a white marble altar of Elyvilon.
  1643 | D:2      | Found a shimmering altar of Xom.
  1843 | D:2      | Reached XP level 4. HP: 35/35 MP: 4/6
  2924 | D:3      | Reached XP level 5. HP: 31/40 MP: 5/7
  3247 | D:3      | Found an ornate altar of the Wu Jian Council.
  3247 | D:3      | Found a shattered altar of Ashenzari.
  3300 | D:3      | Became a worshipper of Ashenzari the Shackled
  3971 | D:4      | Identified the +4 spear of Kias {vamp, rElec Str-3 Int+3}
  3985 | D:4      | Reached skill level 1 in Shields
  3985 | D:4      | Reached skill level 5 in Unarmed Combat
  4105 | D:4      | Reached XP level 6. HP: 41/47 MP: 6/8
  4707 | D:5      | Entered Level 5 of the Dungeon
  5648 | D:5      | Reached XP level 7. HP: 31/52 MP: 9/9
  6049 | D:5      | Reached skill level 6 in Unarmed Combat
  6049 | D:5      | Reached skill level 5 in Transmutations
  6368 | D:5      | Reached * piety under Ashenzari
  6374 | D:5      | Found a glowing golden altar of the Shining One.
  6740 | D:6      | Reached skill level 7 in Unarmed Combat
  6740 | D:6      | Reached XP level 8. HP: 49/59 MP: 10/10
  7012 | D:6      | Found a blossoming altar of Fedhas.
  7337 | D:6      | Found a glowing silver altar of Zin.
  7356 | D:6      | Reached skill level 8 in Unarmed Combat
  7914 | D:7      | HP: 3/62 [orc warrior/+0 short sword (17)]
  7918 | D:7      | Found a staircase to the Ecumenical Temple.
  8501 | D:7      | Reached skill level 5 in Fighting
  8533 | D:7      | Found a runed translucent gate.
  8533 | D:7      | Found a runed translucent gate.
  8805 | D:7      | HP: 1/69 [orc warrior/+0 long sword (18)]
  8809 | D:7      | Reached XP level 9. HP: 2/75 MP: 11/11
  8811 | D:7      | HP: 2/75 [orc/+0 trident (1)]
  8820 | D:7      | Quit the game

Illustrated notes

Levels and vault maps discovered:
D:1:      lemuel_arrival_tunnels, layout_rooms, serial_forest,
          infiniplex_forest_end_3, infiniplex_forest_lined_ring,
          infiniplex_forest_corner_1, infiniplex_forest_clump_medium,
          infiniplex_forest_clump_diagonal, infiniplex_forest_corner_1,
          infiniplex_forest_straight_2, infiniplex_forest_straight_3
D:2:      layout_basic, xom_redecorated, overflow_temple_1_default,
          grunt_ministairs_1
D:3:      minmay_bubble_buster, layout_loops_ring,
          gammafunk_temple_overflow_elements
D:4:      layout_basic
D:5:      layout_basic, first_ration, nicolae_tso_swordbearing_angel
D:6:      layout_basic, kennysheep_little_box, basic_altar,
          chequers_serial_rivers_room_a, grunt_ministairs_9,
          corexii_leaking_fountain
D:7:      layout_basic, minmay_temple_entry_tees, gammafunk_ghost_cemetery,
          palyth_stone_intersect

Skill      XL: |  1  2  3  4  5  6  7  8 |
---------------+-------------------------+-----
Transmutations | 2 3 4 5 |  5.5
Unarmed Combat | 4 5 7 8 |  8.0
Shields        | 1 2 |  2.4
Fighting       | 6 |  6.0
Dodging        | |  1.3
Spellcasting   | |  1.5

Action                   |  1- 3 |  4- 6 |  7- 9 || total
-------------------------+-------+-------+-------++-------
Melee: Unarmed           |   153 |   260 |   190 ||   603
       Headbutt          |    10 |    13 |     8 ||    31
       Kick              |    18 |    53 |    46 ||   117
       Punch             |     1 |     2 |       ||     3
       Spear             |       |    13 |       ||    13
 Cast: Beastly Appendage |    23 |    37 |     7 ||    67
Invok: Curse Item        |       |     1 |       ||     1
Evoke: Wand              |       |       |     2 ||     2
  Use: Scroll            |       |       |    12 ||    12
  Eat: Chunk             |     2 |     9 |     9 ||    20
       Ration            |       |     1 |       ||     1
Armor: Robe              |    26 |       |       ||    26
       Ring mail         |    67 |   111 |    55 ||   233
Dodge: Dodged            |    64 |    78 |    53 ||   195
Block: Buckler           |       |    11 |    24 ||    35
